Map: Ghost River LE

Players

SKillous

  • Race: Protoss Protoss
  • League: Grandmaster
  • Spawn Location: 1:00

sebesdes - Winner!

  • Race: Protoss Protoss
  • League: Grandmaster
  • Spawn Location: 11:00

Event: HomeStory Cup XXV

VOD

Have the link to the VOD?

Description

Time

  • Played on: June 21, 2024, 12:23 p.m.
  • Length: 10:34

All games in this series

Show
View Real Time Build Order
Export as new Build Order

SKillous Protoss 

Build Orders: Phoenix Opening, Blink Stalkers 

Get SALT Encoding   

  12  0:00  Probe  
  13  0:12  Probe  
  14  0:17  Pylon  
  14  0:24  Probe  
  15  0:35  Gateway  
  15  0:37  Probe (Chrono Boost)  
  15  0:42  Assimilator  
  16  0:46  Probe (Chrono Boost)  
  17  0:51  Probe  
  17  0:54  Assimilator  
  18  1:04  Probe (Chrono Boost)  
  19  1:10  Gateway  
  19  1:13  Probe (Chrono Boost)  
  19  1:18  Probe (Chrono Boost)  
  20  1:23  Cybernetics Core  
  21  1:30  Probe  
  22  1:35  Pylon  
  22  1:42  Probe  
  23  1:54  Probe  
  23  2:00  Adept  
  23  2:01  Adept, Warp Gate  
  28  2:09  Probe  
  28  2:10  Pylon  
  29  2:29  Sentry  
  29  2:31  Sentry  
  33  2:38  Nexus  
  33  2:42  Probe  
  34  2:52  Stalker  
  34  2:56  Stalker  
  38  3:07  Twilight Council  
  38  3:12  Phoenix  
  38  3:14  Pylon  
  38  3:19  Probe  
  39  3:32  Probe (Chrono Boost)  
  40  3:38  Blink (Chrono Boost)  
  41  3:43  Probe (Chrono Boost)  
  41  3:50  Probe x2 (Chrono Boost)  
  43  3:57  Stalker x2  
  43  3:59  Probe (Chrono Boost)  
  43  4:01  Probe (Chrono Boost)  
  49  4:05  Probe (Chrono Boost)  
  46  4:10  Shield Battery, Probe  
  46  4:12  Shield Battery  
  47  4:17  Probe  
  47  4:20  Stalker  
  47  4:21  Stalker  
  47  4:24  Probe  
  53  4:29  Probe  
  54  4:32  Gateway  
  54  4:35  Assimilator  
  54  4:36  Probe  
  54  4:37  Phoenix  
  55  4:43  Probe  
  55  4:45  Pylon  
  56  4:48  Probe  
  56  4:52  Stalker x2  
  61  4:58  Probe  
  62  5:09  Nexus  
  62  5:13  Pylon  
  62  5:15  Sentry  
  62  5:16  Sentry  
  62  5:18  Robotics Facility  
  66  5:22  Probe x2  
  66  5:27  Stalker  
  70  5:33  Pylon  
  70  5:34  Shield Battery  
  70  5:35  Probe  
  71  5:38  Probe  
  72  5:43  Forge  
  72  5:45  Charge (Chrono Boost)  
  72  5:47  Probe  
  73  5:51  Probe  
  76  6:04  Immortal (Chrono Boost)  
  76  6:05  Adept x2  
  82  6:12  Gateway x2  
  82  6:19  Gateway  
  82  6:22  Probe  
  82  6:25  Shield Battery  
  83  6:27  Shield Battery x2  
  83  6:37  Pylon  
  83  6:41  Pylon  
  83  6:43  Stalker x2  
  83  6:44  Stalker  
  89  6:50  Immortal (Chrono Boost)  
  93  6:59  Shield Battery  
  93  7:00  Shield Battery  
  93  7:06  Stalker x2  
  97  7:09  Shield Battery  
  91  7:24  Stalker x3  
  91  7:25  Stalker  
  91  7:29  Immortal (Chrono Boost)  
  97  7:38  Stalker  
  97  7:39  Stalker  
  97  7:50  Stalker x3  
  84  7:59  Stalker  
  66  8:07  Stalker x2  
  70  8:13  Stalker  
  64  8:24  Immortal  
  64  8:26  Pylon  
  64  8:29  Pylon  
  64  8:30  Stalker  
  64  8:32  Zealot  
  65  8:40  Stalker  
  53  8:50  Adept x2  
  57  8:56  Zealot x2  
  57  8:59  Probe (Chrono Boost)  
  58  9:13  Stalker  
  58  9:14  Stalker  
  53  9:27  Stalker  
  52  9:36  Probe x3 (Chrono Boost)  
  51  9:48  Pylon  
  51  9:51  Stalker  
  53  9:59  Stalker  
  55  10:01  Stalker  
  57  10:12  Stalker  
  53  10:23  Stalker  
  53  10:24  Zealot x2  
  53  10:29  Zealot  
Show
View Real Time Build Order
Export as new Build Order

sebesdes Protoss - Winner!

Build Orders:  

Get SALT Encoding   

  12  0:00  Probe  
  13  0:12  Probe  
  14  0:16  Pylon  
  14  0:24  Probe (Chrono Boost)  
  16  0:36  Gateway, Probe (Chrono Boost)  
  16  0:42  Probe (Chrono Boost)  
  16  0:45  Assimilator  
  17  0:50  Probe  
  17  0:54  Assimilator  
  18  1:03  Probe (Chrono Boost)  
  19  1:07  Gateway  
  19  1:13  Probe (Chrono Boost)  
  19  1:18  Probe (Chrono Boost)  
  20  1:22  Cybernetics Core  
  21  1:30  Probe  
  22  1:34  Pylon  
  22  1:42  Probe  
  23  1:54  Probe  
  23  1:59  Stalker, Sentry, Warp Gate  
  28  2:06  Probe  
  29  2:12  Pylon  
  29  2:30  Sentry  
  31  2:37  Nexus  
  31  2:40  Probe  
  31  2:42  Sentry  
  34  2:52  Probe  
  34  2:56  Robotics Facility  
  35  3:02  Shield Battery  
  35  3:05  Probe  
  36  3:17  Shield Battery  
  36  3:18  Probe  
  37  3:23  Pylon  
  37  3:30  Probe  
  38  3:41  Immortal (Chrono Boost)  
  38  3:43  Probe (Chrono Boost)  
  38  3:47  Shield Battery, Sentry  
  45  3:50  Probe (Chrono Boost)  
  45  3:52  Stalker  
  49  3:56  Probe (Chrono Boost)  
  49  4:00  Probe (Chrono Boost)  
  49  4:05  Probe  
  47  4:10  Probe  
  48  4:18  Immortal (Chrono Boost)  
  53  4:24  Probe  
  53  4:25  Probe  
  53  4:30  Sentry  
  56  4:33  Stalker  
  56  4:36  Probe  
  56  4:37  Probe  
  60  4:40  Pylon  
  60  4:49  Probe  
  60  4:50  Probe  
  62  4:55  Warp Prism (Chrono Boost)  
  64  5:01  Probe  
  64  5:03  Probe  
  64  5:06  Assimilator, Twilight Council  
  66  5:13  Probe  
  67  5:16  Probe, Pylon  
  69  5:31  Immortal (Chrono Boost)  
  69  5:34  Gateway  
  69  5:35  Gateway  
  72  5:37  Pylon  
  72  5:41  Resonating Glaives (Chrono Boost)  
  72  5:48  Gateway  
  72  5:50  Gateway  
  72  5:58  Adept x2  
  72  6:04  Immortal (Chrono Boost)  
  80  6:16  Gateway  
  80  6:17  Gateway  
  80  6:18  Pylon  
  80  6:23  Sentry x2  
  84  6:28  Adept  
  86  6:36  Pylon  
  86  6:44  Adept x2  
  86  6:46  Adept x2  
  94  6:49  Pylon  
  94  6:57  Adept x2  
  98  7:05  Adept x2  
  102  7:14  Adept x2  
  98  7:25  Probe  
  98  7:28  Adept  
  98  7:29  Adept x2  
  105  7:30  Adept x2  
  107  7:37  Immortal (Chrono Boost)  
  107  7:43  Adept x2  
  98  7:54  Adept x3  
  98  7:55  Adept  
  88  8:13  Warp Prism (Chrono Boost), Adept x4  
  84  8:41  Adept x5  
  82  8:42  Immortal (Chrono Boost)  
  88  9:09  Probe  
  83  9:17  Immortal (Chrono Boost)  
  83  9:24  Adept x4  
  91  9:29  Adept x2  
  91  9:30  Adept x2  
  98  9:36  Probe x2  
  97  9:45  Immortal (Chrono Boost)  
  97  9:48  Probe  
  97  9:51  Sentry x3  
  97  9:52  Sentry  
  110  10:12  Probe  
  110  10:13  Adept  
  107  10:26  Stalker x2  
Tags
 
Add a new tag
Caveats
  • Supply blocks, unpowered buildings, or Contaminate may cause inaccurate times.
  • Supply counts are checked every 10 seconds.